 Dungeon Crawl Stone Soup version 0.20-a0-150-g0ef8409 (webtiles) character file.

6465 FitzyFitz the Fighter (level 10, -4/88 HPs)
             Began as a Demonspawn Monk on Nov 21, 2016.
             Was an Elder of Cheibriados.
             Slain by a yak (14 damage)
             ... on level 1 of the Lair of Beasts.
             The game lasted 00:36:09 (9684 turns).

FitzyFitz the Fighter (Demonspawn Monk)             Turns: 9684, Time: 00:36:10

Health: -4/88      AC: 14    Str: 17    XL:     10   Next: 68%
Magic:  0/14       EV: 19    Int: 25    God:    Cheibriados [****..]
Gold:   270        SH:  6    Dex: 28    Spells: 9/9 levels left

rFire  . . .     SeeInvis +     a - +0 scimitar
rCold  . . .     Gourm    .     I - +1 robe of Spring Thaw {Regen+ Str-4 SInv} (curse)
rNeg   . . .     Faith    .     (no shield)
rPois  .         Spirit   +     (no helmet)
rElec  .         Reflect  +     p - +0 cloak
rCorr  .         Harm     .     (no gloves)
MR     .....                    j - +0 pair of boots
Stlth  +++++.....               t - +6 amulet of reflection
                                J - +2 ring of dexterity
                                l - ring of stealth

@: sanguine armour, very slow
A: talons 1, nightstalker 1, magic shield, magic regeneration, sanguine armour 2
a: Bend Time, Temporal Distortion, Slouch, Renounce Religion


You were on level 1 of the Lair of Beasts.
You worshipped Cheibriados.
Cheibriados was greatly pleased with you.
You were not hungry.

You visited 3 branches of the dungeon, and saw 10 of its levels.

You collected 391 gold pieces.
You spent 121 gold pieces at shops.

Inventory:

Hand Weapons
 a - a +0 scimitar (weapon)
 b - the +4 dagger "Weul" {freeze, rElec rC- Str+4 Stlth+}
   (You found it on level 8 of the Dungeon)

   It has been specially enchanted to freeze those struck by it, causing extra
   injury to most foes and up to half again as much damage against particularly
   susceptible opponents.
   It can also slow down cold-blooded creatures.
   It affects your strength (+4).
   It makes you vulnerable to cold.
   It insulates you from electricity.
   It makes you more stealthy.
Missiles
 i - 3 javelins (quivered)
 u - 24 stones
 w - 4 tomahawks
Armour
 j - a +0 pair of boots (worn)
 p - a +0 cloak (worn)
 I - the cursed +1 robe of Spring Thaw (worn) {Regen+ Str-4 SInv}
   (You found it on level 6 of the Dungeon)

   It affects your strength (-4).
   It lets you see invisible.
   It increases your rate of regeneration.
   It has a curse placed upon it.
Jewellery
 l - a ring of stealth (left hand)
 t - a +6 amulet of reflection (around neck)
 C - an uncursed ring of fire
 J - a +2 ring of dexterity (right hand)
Wands
 r - a wand of lightning (2/15)
 A - a wand of paralysis (11/24)
 F - a wand of teleportation (5/9)
Scrolls
 e - 2 scrolls of random uselessness {unknown}
 f - a scroll of amnesia {unknown}
 g - a scroll of fog
 h - a scroll of teleportation
 n - 2 scrolls of enchant weapon {unknown}
 q - 7 scrolls of remove curse
 s - 2 scrolls of blinking
 v - 2 scrolls of magic mapping
 E - 2 scrolls of recharging {unknown}
 T - a scroll of torment {unknown}
 U - a scroll of vulnerability {unknown}
Potions
 d - 2 potions of flight
 k - a potion of cancellation
 x - a potion of might
 z - a potion of heal wounds {unknown}
 H - a potion of cure mutation {unknown}
 K - a potion of brilliance
 Q - a potion of degeneration {unknown}
Comestibles
 c - 9 bread rations
 o - 5 beef jerkies
 B - 6 meat rations
 N - 5 fruits


   Skills:
 - Level 11.2 Fighting
 + Level 8.0 Long Blades
 - Level 6.7 Dodging
 + Level 4.3 Stealth
 - Level 5.4 Invocations


You had 9 spell levels left.
You didn't know any spells.

Dungeon Overview and Level Annotations

Branches:
Dungeon (8/15)             Temple (1/1) D:4            Lair (1/6) D:8

Altars:
Ashenzari
Cheibriados
Elyvilon
Fedhas
Gozag
Hepliaklqana
Kikubaaqudgha
Makhleb
Nemelex Xobeh
Qazlal
Ru
Sif Muna
Trog
Uskayaw
Vehumet
Xom
Yredelemnul
Zin
The Shining One

Shops:
D:6 *

Annotations:
D:2 Natasha


Innate Abilities, Weirdness & Mutations

You have sharp toenails.
You are slightly more attuned to the shadows.
When hurt, damage is shared between your health and your magic reserves.
You regenerate magic rapidly.
When seriously injured, your bleeding wounds create thick armour. (AC +9)


Message History

The yak completely misses you. The yak closely misses you.
You riposte.
You slash the yak!
You kill the yak!
Cheibriados appreciates the change of pace.
Your Long Blades skill increases to level 8!
The yak gores you.
* * * LOW HITPOINT WARNING * * *
You feel better. You block the yak's attack.
You feel better. The yak gores you.
* * * LOW HITPOINT WARNING * * *
The yak closely misses you.
You slash the yak!
The yak is moderately wounded.
You block the yak's attack.
You closely miss the yak.
The yak is moderately wounded.
The yak gores you.
* * * LOW HITPOINT WARNING * * *
The yak gores you!
You die...

..........##..........
..........#............
...........#............
...........#.....#.......
..........##....###....?.
.........................
.......................
...............Y##.#.#. ..?
................@Y...# ......
.#รทรท......#....####..#
..Y.... ##........##...# #..#
..Y... ##........#....#
##>###Y....
#........##...####.Y.....##
#........##...##P...Y..Y..#.##
#........##...##.........#...#
#.........................#.#
##.............................


You could see 2 yaks.

Vanquished Creatures
  A komodo dragon (D:8)
  6 hippogriffs
  A spriggan (D:7)
  7 yaks (Lair:1)
  Grum (D:7)
  A porcupine (Lair:1)
  A water moccasin (Lair:1)
  3 orc warriors
  2 ice beasts (D:7)
  A phantom (D:6)
  A black bear (D:5)
  A necrophage (D:8)
  3 ogres (D:5)
  3 wolves
  3 centaurs
  5 crocodiles (Lair:1)
  2 big kobolds
  7 bullfrogs
  2 scorpions
  A water moccasin skeleton (D:4)
  A howler monkey (D:4)
  A vampire bat (D:3)
  3 crimson imps
  A centaur zombie (D:7)
  4 hounds
  3 jellies
  5 orc priests
  2 orc wizards
  A centaur skeleton (D:5)
  2 iguanas
  Terence (D:2)
  5 worker ants
  A hound zombie (D:5)
  A hound skeleton (D:8)
  A howler monkey skeleton (D:4)
  8 adders
  A shadow imp (D:7)
  2 adder skeletons
  3 worms
  2 dart slugs (D:4)
  2 leopard geckos
  26 orcs
  3 giant cockroaches (D:2)
  5 hobgoblins
  2 jackals (D:7)
  12 kobolds
  5 quokkas
  11 bats
  2 frilled lizards
  3 goblins
  A leopard gecko skeleton (D:4)
  A quokka skeleton (D:8)
  8 rats
181 creatures vanquished.

Vanquished Creatures (others)
  A crimson imp (D:7)
  A kobold (D:7)
  A fungus (Lair:1)
  18 plants (D:8)
21 creatures vanquished.

Grand Total: 202 creatures vanquished

Notes
Turn   | Place    | Note
-------+----------+-------------------------------------------
     0 | D:1      | FitzyFitz the Demonspawn Monk began the quest for the Orb.
     0 | D:1      | Reached XP level 1. HP: 18/18 MP: 1/1
   145 | D:1      | Gained mutation: You are slightly more attuned to the shadows. [demonic ancestry]
   145 | D:1      | Reached XP level 2. HP: 18/24 MP: 2/2
   915 | D:2      | Noticed Terence
  1183 | D:2      | Found a bloodstained altar of Trog.
  1204 | D:2      | Noticed Natasha
  1508 | D:2      | Found a basalt altar of Yredelemnul.
  1610 | D:2      | Gained mutation: When seriously injured, your bleeding wounds create armour. (AC +9) [demonic ancestry]
  1610 | D:2      | Reached XP level 3. HP: 29/29 MP: 3/3
  1701 | D:2      | Killed Terence
  1751 | D:2      | Gained mutation: When seriously injured, your bleeding wounds create thick armour. (AC +9) [demonic ancestry]
  1751 | D:2      | Reached XP level 4. HP: 32/35 MP: 4/4
  2062 | D:3      | Reached skill level 5 in Long Blades
  2457 | D:4      | Reached XP level 5. HP: 29/41 MP: 5/5
  2596 | D:2      | Found a sparkling altar of Nemelex Xobeh.
  2736 | D:4      | Found a staircase to the Ecumenical Temple.
  2745 | Temple   | Entered the Ecumenical Temple
  3109 | Temple   | Became a worshipper of Cheibriados the Contemplative
  3109 | Temple   | Reached * piety under Cheibriados
  3109 | Temple   | Reached ** piety under Cheibriados
  3437 | D:4      | Reached XP level 6. HP: 47/47 MP: 6/6
  3796 | D:5      | Entered Level 5 of the Dungeon
  3859 | D:5      | Reached skill level 4 in Fighting
  3985 | D:5      | Gained mutation: You have sharp toenails. [demonic ancestry]
  3985 | D:5      | Reached XP level 7. HP: 53/55 MP: 7/7
  4137 | D:5      | Reached skill level 5 in Fighting
  4950 | D:6      | Found a shimmering altar of Xom.
  5109 | D:6      | Reached *** piety under Cheibriados
  5110 | D:6      | Reached skill level 6 in Fighting
  5759 | D:6      | Found Rosoxe's Assorted Antiques.
  5763 | D:6      | Bought a scroll of identify for 44 gold pieces
  5763 | D:6      | Bought a long sword for 77 gold pieces
  5789 | D:6      | Got a heavy robe
  5812 | D:6      | Identified the cursed +1 robe of Spring Thaw {Regen+ Str-4 SInv} (You found it on level 6 of the Dungeon)
  5911 | D:6      | Reached skill level 7 in Fighting
  5911 | D:6      | Gained mutation: When hurt, damage is shared between your health and your magic reserves. [demonic ancestry]
  5911 | D:6      | Reached XP level 8. HP: 59/67 MP: 8/8
  6183 | D:7      | Reached skill level 8 in Fighting
  6314 | D:7      | Noticed a hippogriff
  6345 | D:7      | Killed a hippogriff
  6345 | D:7      | Reached skill level 9 in Fighting
  6429 | D:7      | Noticed a hippogriff
  6433 | D:7      | Found an opulent altar of Gozag.
  6455 | D:7      | Killed a hippogriff
  6473 | D:7      | Reached skill level 10 in Fighting
  6605 | D:7      | Noticed a hippogriff
  6616 | D:7      | Killed a hippogriff
  6616 | D:7      | Gained mutation: You regenerate magic rapidly. [demonic ancestry]
  6616 | D:7      | Reached XP level 9. HP: 48/78 MP: 5/9
  6629 | D:7      | Reached **** piety under Cheibriados
  6812 | D:7      | Reached skill level 11 in Fighting
  7277 | D:8      | Noticed Grum
  7324 | D:7      | Killed Grum
  7438 | D:8      | Reached skill level 1 in Invocations
  7724 | D:8      | Reached skill level 5 in Dodging
  7824 | D:8      | Found a staircase to the Lair.
  7827 | D:8      | Noticed a komodo dragon
  7850 | D:8      | Killed a komodo dragon
  8009 | D:8      | Found a white marble altar of Elyvilon.
  8086 | D:8      | Reached XP level 10. HP: 70/88 MP: 10/13
  8102 | D:8      | Reached skill level 5 in Invocations
  8143 | D:8      | Got a transparent dagger
  8144 | D:8      | Identified the +4 dagger "Weul" {freeze, rElec rC- Str+4 Stlth+} (You found it on level 8 of the Dungeon)
  9060 | D:6      | Reached ***** piety under Cheibriados
  9155 | Lair:1   | Entered Level 1 of the Lair of Beasts
  9246 | Lair:1   | Noticed a five-headed hydra
  9554 | Lair:1   | Noticed a spiny frog
  9684 | Lair:1   | Slain by a yak

Vault maps used:
D:1:      elethiomel_arrival_shortcut
D:2:      lemuel_coloured_pillars_altar, nicolae_overflow_hidden_temple,
          minmay_misc_feat_iff, uniq_terence, uniq_natasha
D:3:      roderic_batcave
D:4:      first_bread
D:6:      serial_shops, kennysheep_mini_moat, xom_teletrap_fun
D:7:      basic_altar, the_bakery
D:8:      david_lair_shrubbed, elyvilon_altar_5, uniq_grum
Temple:   regret_index_temple_generic_petals
Lair:1:   grunt_megastairs_4, infiniplex_staircase_pool

Skill      XL: |  1  2  3  4  5  6  7  8  9 10 |
---------------+-------------------------------+-----
Long Blades    | 3 4 5 6 8 |  8.0
Fighting       | 4 7 10 11 | 11.2
Dodging        | 5 6 |  6.7
Invocations    | 4 5 |  5.4
Stealth        | 4 |  4.3

Action                   |  1- 3 |  4- 6 |  7- 9 | 10-12 || total
-------------------------+-------+-------+-------+-------++-------
Melee: Falchion          |    68 |   167 |    94 |       ||   329
       Dagger            |     1 |       |    12 |    56 ||    69
       Long sword        |       |       |   300 |     5 ||   305
       Kick              |       |       |    10 |       ||    10
       Scimitar          |       |       |       |   121 ||   121
Throw: Javelin           |     2 |     2 |     9 |       ||    13
       Tomahawk          |       |       |     1 |       ||     1
Invok: Bend Time         |       |       |     2 |     5 ||     7
       Temporal Distorti |       |       |       |     1 ||     1
Evoke: Wand              |     2 |       |       |     3 ||     5
  Use: Scroll            |     2 |     5 |     4 |     1 ||    12
       Potion            |       |     1 |     4 |     3 ||     8
 Stab: Sleeping          |     9 |    11 |     8 |     3 ||    31
       Distracted        |     1 |     1 |     2 |     2 ||     6
       Invisible         |       |       |     6 |       ||     6
       Paralysed         |       |       |       |    10 ||    10
  Eat: Chunk             |     3 |     4 |     7 |     1 ||    15
       Pizza             |       |     1 |     1 |     1 ||     3
Armor: Robe              |    12 |    37 |    80 |    34 ||   163
Dodge: Dodged            |    52 |    95 |   273 |   117 ||   537
Block: Other             |     6 |    43 |   134 |    56 ||   239
       Reflection        |       |       |     7 |       ||     7
       Rpst.: Falchion   |    20 |    36 |    14 |       ||    70
       Long sword        |       |       |    68 |     1 ||    69
       Scimitar          |       |       |       |    35 ||    35
